Workbook

Sheet Gestoras
A1: Válida? | B1: Comentário | C1: CNPJ | D1: Razão social | E1: Nome comercial | F1: Categoria CVM | G1: UF | H1: Município | I1: DDD | J1: Telefone | K1: E-mail | L1: Site | M1: Patrimônio líquido (R$) | N1: Data do PL
C2: 23.447.556/0001-26 | D2: GFS ATIVOS FINANCEIROS E INVESTIMENTOS LTDA. | E2: GFS INVESTIMENTOS | F2: Gestor de Carteira | K2: leonardo.oliveira@gfsinvestimentos.com.br | L2: www.gfsinvestimentos.com.br
C3: 62.308.741/0001-91 | D3: Verterra Capital Ltda. | E3: Verterra Capital Ltda. | F3: Gestor de Carteira | K3: l.alves@verterracapital.com.br | L3: www.verterracapital.com.br
C4: 46.219.835/0001-38 | D4: JATOBÁ GESTORA DE RECURSOS LTDA. | E4: JATOBÁ GESTORA DE RECURSOS | F4: Gestor de Carteira | G4: AM | H4: MANAUS | I4: 92 | J4: 981966666 | K4: ighorabrahim@gmail.com | L4: www.jatobagestao.com.br
C5: 41.302.834/0001-39 | D5: B6 GESTORA DE RECURSOS LTDA | E5: ----- | F5: Gestor de Carteira | G5: BA | H5: SALVADOR | I5: 71 | J5: 35612966 | K5: contato@b6capital.com.br | L5: www.b6capital.com.br
C6: 26.122.817/0001-26 | D6: BTO GESTÃO DE RECURSOS LTDA | E6: BTO GESTÃO | F6: Gestor de Carteira | G6: BA | H6: SALVADOR | I6: 71 | J6: 35056548 | K6: adriano.moreno@btopartners.com.br | L6: www.btopartners.com.br
C7: 09.031.993/0001-33 | D7: GLOBAL ASSET GESTORA DE RECURSOS LTDA | E7: ACT MFO | F7: Gestor de Carteira | G7: BA | H7: SALVADOR | I7: 71 | J7: 99106776 | K7: caioandrade@actgrupo.com.br | L7: n/a
C8: 21.551.986/0001-68 | D8: PARAGUAÇU INVESTIMENTOS LTDA | E8: PARAGUAÇU INVESTIMENTOS | F8: Gestor de Carteira | G8: BA | H8: SALVADOR | I8: 71 | J8: 33421580 | K8: laurobarbosa@paraguacuinvest.com.br | L8: www.paraguacuinvest.com.br
C9: 27.445.498/0001-52 | D9: ASTOR GESTÃO DE RECURSOS LTDA | E9: ASTOR CAPITAL | F9: Gestor de Carteira | G9: CE | H9: FORTALEZA | I9: 85 | J9: 32677335 | K9: alexandre@astorcapital.com.br | L9: www.astorcapital.com.br
C10: 62.092.487/0001-37 | D10: Aplix Gestão de Recursos Ltda. | E10: Aplix Gestão de Recursos | F10: Gestor de Carteira | G10: CE | H10: FORTALEZA | I10: 85 | J10: 988858812 | K10: aplix.asset@aplix.com.br | L10: www.aplixasset.com.br
C11: 07.237.373/0001-20 | D11: BANCO DO NORDESTE DO BRASIL SA | E11: BANCO DO NORDESTE | F11: Gestor de Carteira | G11: CE | H11: FORTALEZA | I11: 85 | J11: 32993014 | L11: www.bnb.gov.br/fundos | M11: 2072725000.00 | N11: 2009-12-31
C12: 41.622.548/0001-50 | D12: BAOBA GESTÃO DE RECURSOS LTDA | E12: BAOBA CAPITAL | F12: Gestor de Carteira | G12: CE | H12: FORTALEZA | I12: 85 | J12: 31115681 | K12: contato@baobacapital.com.br | L12: www.baobacapital.com.br
C13: 42.524.344/0001-40 | D13: NOVUS CREDITO GESTAO DE RECURSOS LTDA | E13: NOVUS CREDITO GESTAO | F13: Gestor de Carteira | G13: CE | H13: FORTALEZA | I13: 85 | J13: 31046030 | K13: compliance@grifoasset.com.br | L13: www.novuscapital.com.br
C14: 44.874.562/0001-30 | D14: ARMADA GESTÃO DE RECURSOS LTDA | E14: ARMADA INVESTIMENTOS | F14: Gestor de Carteira | G14: DF | H14: BRASÍLIA | I14: 61 | J14: 32995464 | K14: andre@armada-asset.com | L14: https://www.armada-mfo.com/
C15: 47.952.345/0001-09 | D15: AVALON CAPITAL GESTORA DE RECURSOS LTDA. | E15: AVALON CAPITAL | F15: Gestor de Carteira | G15: DF | H15: BRASÍLIA | I15: 61 | J15: 992265142 | K15: diretoria@avalonasset.com.br | L15: https://www.avalonasset.com.br/
C16: 47.766.912/0001-32 | D16: BRM ASSET GESTÃO DE RECURSOS LTDA | E16: BRM GESTÃO DE RECURSOS | F16: Gestor de Carteira | G16: DF | H16: BRASÍLIA | I16: 61 | J16: 981127539 | K16: ap@brmasset.com.br | L16: https://www.brmasset.com.br/
C17: 41.986.711/0001-64 | D17: BUENA VISTA GESTORA DE RECURSOS LTDA. | E17: BUENA VISTA GESTORA DE RECURSOS | F17: Gestor de Carteira | G17: DF | H17: BRASÍLIA | I17: 61 | J17: 996511008 | K17: joao@buenavista.capital | L17: www.buenavista.capital
C18: 00.360.305/0001-04 | D18: CAIXA ECONOMICA FEDERAL | E18: CAIXA ECONOMICA FEDERAL | F18: Administrador Fiduciário e Gestor de Carteira | G18: DF | H18: BRASÍLIA | I18: 11 | J18: 35724600 | K18: geocf04@caixa.gov.br | L18: www.caixa.gov.br | M18: 3891469813.73 | N18: 2001-12-31
C19: 18.190.296/0001-16 | D19: CEDRO ASSET MANAGEMENT LTDA | E19: CEDRO CAPITAL | F19: Gestor de Carteira | G19: DF | H19: BRASÍLIA | I19: 61 | J19: 32220061 | K19: bruno@cedrocapital.com | L19: www.cedrocapital.com
C20: 51.603.597/0001-08 | D20: CERRADO GESTÃO DE ATIVOS LTDA. | E20: CERRADO ASSET | F20: Gestor de Carteira | G20: DF | H20: BRASÍLIA | I20: 61 | J20: 39991421 | K20: samuel.arantes@cerradoasset.com.br | L20: www.cerradoasset.com.br
C21: 52.425.003/0001-70 | D21: DOXOS GESTÃO DE RECURSOS LTDA. | E21: DOXOS CAPITAL | F21: Gestor de Carteira | G21: DF | H21: BRASÍLIA | I21: 61 | J21: 30478949 | K21: davi@doxoscapital.com.br | L21: www.doxoscapital.com.br
C22: 54.236.853/0001-56 | D22: LEMOS GALVÃO ASSET MANAGEMENT LTDA. | E22: LEMOS GALVÃO ASSET MANAGEMENT LTDA. | F22: Gestor de Carteira | G22: DF | H22: BRASÍLIA | I22: 61 | J22: 981122330 | K22: suporte@lemosgalvao.com | L22: https://lemosgalvao.wixsite.com/home
C23: 19.061.243/0001-68 | D23: MAZA INVESTIMENTOS E CORRETORA DE SEGUROS LTDA. | E23: MAZA INVESTIMENTOS | F23: Gestor de Carteira | G23: DF | H23: BRASÍLIA | I23: 61 | J23: 986616750 | K23: atendimento@mazainvest.com | L23: www.mazainvest.com.br
C24: 13.585.894/0001-70 | D24: POLARIS - INVESTIMENTOS, ASSESSORIA E PARTICIPAÇÕES LTDA | E24: POLARIS INVESTIMENTOS | F24: Gestor de Carteira | G24: DF | H24: BRASÍLIA | I24: 61 | J24: 35637463 | K24: equipe@polarisinvest.net | L24: www.polarisinvest.net
C25: 07.397.614/0001-06 | D25: SICOOB DISTRIBUIDORA DE TÍTULOS E VALORES MOBILIÁRIOS LTDA. | E25: SICOOB DTVM | F25: Administrador Fiduciário e Gestor de Carteira | G25: DF | H25: BRASÍLIA | I25: 61 | J25: 32175315 | K25: dtvm@sicoob.com.br | L25: www.sicoob.com.br/bancosicoob-dtvm
C26: 47.377.964/0001-17 | D26: SIMON CAPITAL GESTÃO DE RECURSOS LTDA. | E26: SIMON CAPITAL | F26: Gestor de Carteira | G26: DF | H26: BRASÍLIA | I26: 61 | J26: 981426645 | K26: contato@simoncapital.ai | L26: www.simoncapital.ai
C27: 34.431.691/0001-08 | D27: TRIESTOR ADMINISTRADORA DE CARTEIRA DE VALORES MOBILIÁRIOS LTDA. | E27: TRIESTOR | F27: Gestor de Carteira | G27: DF | H27: BRASÍLIA | I27: 61 | J27: 996989524 | K27: contato@triestor.com | L27: www.triestor.com
C28: 44.322.890/0001-23 | D28: VLGI ASSET LTDA. | E28: VLGI ASSET | F28: Gestor de Carteira | G28: DF | H28: BRASÍLIA | I28: 61 | J28: 998084500 | K28: matheus.portela@vlgiasset.com.br | L28: https://vlgiasset.com.br
C29: 28.156.057/0001-01 | D29: BANESTES DISTRIBUIDORA DE TÍTULOS E VALORES MOBILIÁRIOS S.A. | E29: BANESTES ASSET MANAGEMENT | F29: Administrador Fiduciário e Gestor de Carteira | G29: ES | H29: VITÓRIA | I29: 27 | J29: 33833100 | K29: asset@banestes.com.br | L29: www.banestesasset.com.br | M29: 20533739.04 | N29: 2015-12-31
C30: 38.318.963/0001-00 | D30: BRM CARBYNE GESTÃO DE RECURSOS LTDA. | E30: CARBYNE INVESTIMENTOS | F30: Gestor de Carteira | G30: ES | H30: VITÓRIA | I30: 21 | J30: 995411122 | K30: compliance@carbyneinvestimentos.com | L30: www.carbyneinvestimentos.com
C31: 14.569.262/0001-86 | D31: VGR GESTÃO DE RECURSOS LTDA. | E31: -- | F31: Gestor de Carteira | G31: ES | H31: VITÓRIA | I31: 27 | J31: 24640045 | K31: annibal.lima@vgrasset.com.br | L31: www.valorgestora.com.br
C32: 55.243.889/0001-20 | D32: BENAVENT ASSET LTDA | E32: - | F32: Gestor de Carteira | G32: GO | H32: GOIÂNIA | I32: 62 | J32: 36265034 | K32: ri@benavent.com.br | L32: https://www.benavent.com.br/
C33: 35.068.183/0001-61 | D33: BLUE ASSET GESTÃO DE RECURSOS LTDA. | E33: BLUE ASSET | F33: Gestor de Carteira | G33: GO | H33: GOIÂNIA | I33: 62 | J33: 34147645 | K33: compliance@trinusco.com.br | L33: blueasset.com.br
C34: 59.684.998/0001-33 | D34: BOOK CAPITAL LTDA | E34: Book Capital | F34: Gestor de Carteira | G34: GO | H34: GOIÂNIA | I34: 62 | J34: 37731500 | K34: compliance@trinusco.com.br | L34: https://www.bookcapital.com.br/
C35: 39.344.600/0001-02 | D35: BOX ASSET MANAGEMENT GESTORA DE RECURSOS LTDA. | E35: BOX ASSET | F35: Gestor de Carteira | G35: GO | H35: GOIÂNIA | I35: 62 | J35: 30919602 | K35: mfreitas@boxasset.com.br | L35: www.boxasset.com.br
C36: 59.684.778/0001-00 | D36: BRT Asset Ltda. | E36: BRT Asset | F36: Gestor de Carteira | G36: GO | H36: GOIÂNIA | I36: 62 | J36: 37731500 | K36: compliance@trinusco.com.br | L36: www.brtasset.com.br
C37: 32.352.944/0001-14 | D37: CIANO GESTÃO DE RECURSOS E EDUCAÇÃO LTDA. | E37: CIANO | F37: Gestor de Carteira | G37: GO | H37: GOIÂNIA | I37: 62 | J37: 993365897 | K37: contato@cianoinvestimentos.com | L37: www.cianoinvestimentos.com
C38: 58.516.711/0001-01 | D38: CROMA ASSET MANAGEMENT LTDA. | E38: CROMA ASSET | F38: Gestor de Carteira | G38: GO | H38: GOIÂNIA | I38: 62 | J38: 93206917 | K38: gestao@cromaasset.com.br | L38: www.cromaasset.com.br
C39: 59.706.327/0001-26 | D39: FLB ASSET LTDA. | E39: FLB ASSET | F39: Gestor de Carteira | G39: GO | H39: GOIÂNIA | I39: 62 | J39: 37731500 | K39: compliance@trinusco.com.br | L39: https://flbasset.com.br/
C40: 59.688.048/0001-87 | D40: GL Asset Ltda. | E40: NBL Asset | F40: Gestor de Carteira | G40: GO | H40: GOIÂNIA | I40: 62 | J40: 37731500 | K40: compliance@trinusco.com.br | L40: www.nblasset.com.br
C41: 45.036.300/0001-69 | D41: HIGH ASSET MANAGEMENT LTDA | E41: HIGH ASSET | F41: Gestor de Carteira | G41: GO | H41: GOIÂNIA | I41: 62 | J41: 34147847 | K41: ri@highpar.com.br | L41: www.highpar.com.br
... C69: 03.832.769/0001-64 | D69: DAP CONSULTORIA E GESTÃO DE INVESTIMENTOS LTDA | E69: DAP INVESTIMENTOS | F69: Gestor de Carteira | G69: MG | H69: ITAÚNA | I69: 31 | J69: 33724683 | K69: darlan.alves@dapinvestimentos.com.br | L69: www.dapinvestimentos.com.br
C70: 02.697.199/0001-84 | D70: EURO GESTAO DE RECURSOS LTDA | E70: TAURUS INVESTIMENTOS | F70: Gestor de Carteira | G70: MG | H70: BELO HORIZONTE | I70: 31 | J70: 32614420 | L70: www.taurusinvestimentos.com.br
C71: 35.692.834/0001-90 | D71: EVEREST CAPITAL OFFICE LTDA. | E71: EVEREST CAPITAL OFFICE | F71: Gestor de Carteira | G71: MG | H71: NOVA LIMA | I71: 31 | J71: 997351143 | K71: contato@everestcapitaloffice.com | L71: www.everestcapitaloffice.com
C72: 03.406.900/0001-21 | D72: FIR CAPITAL PARTNERS - GESTÃO DE INVESTIMENTOS S/A | E72: FIR CAPITAL PARTNERS - GESTÃO DE INVESTIMENTOS S/A | F72: Administrador Fiduciário e Gestor de Carteira | G72: MG | H72: NOVA LIMA | I72: 31 | J72: 32807101 | K72: financeiro@fircapital.com | L72: http://www.fircapital.com/
C73: 12.258.120/0001-72 | D73: FIR GESTÃO DE INVESTIMENTOS S.A | E73: -- | F73: Administrador Fiduciário e Gestor de Carteira | G73: MG | H73: NOVA LIMA | I73: 31 | J73: 32807111 | K73: financeiro@fircapital.com | L73: www.fircapital.com
C74: 20.283.929/0001-82 | D74: FUNDEPAR GESTÃO E CONSULTORIA DE INVESTIMENTOS LTDA. | E74: FUNDEPAR INVESTIMENTOS | F74: Gestor de Carteira | G74: MG | H74: BELO HORIZONTE | I74: 31 | J74: 34096774 | K74: fmgodoi@gmail.com | L74: www.fundepar.com.br
C75: 35.070.686/0001-71 | D75: GHIA GESTÃO DE RECURSOS LTDA. | E75: GHIA ASSET MANAGEMENT | F75: Gestor de Carteira | G75: MG | H75: UBERLÂNDIA | I75: 34 | J75: 32221919 | K75: bruno@ghiaasset.com.br | L75: www.ghiaasset.com.br
C76: 16.925.467/0001-82 | D76: GLOBAL GESTÃO E INVESTIMENTOS LTDA | E76: GLOBAL ASSET MANAGEMENT | F76: Gestor de Carteira | G76: MG | H76: BELO HORIZONTE | I76: 31 | J76: 32865409 | K76: eduardo@globalasset.com.br | L76: www.globalasset.com.br
C77: 55.610.401/0001-55 | D77: HINOV CAPITAL GESTÃO DE RECURSOS LTDA. | E77: HINOVC | F77: Gestor de Carteira | G77: MG | H77: BELO HORIZONTE | I77: 31 | J77: 992760244 | K77: contato@hinovc.com | L77: www.hinovc.com
C78: 04.714.159/0001-29 | D78: IMPACTO INVESTIMENTOS LTDA | E78: IMPACTO INVESTIMENTOS LTDA | F78: Gestor de Carteira | G78: MG | H78: BELO HORIZONTE | I78: 31 | J78: 32615222 | K78: impacto@impactoinvestimentos.com.br | L78: www.impactoinvestimentos.com.br
C79: 05.585.083/0001-41 | D79: INTER ASSET GESTÃO DE RECURSOS LTDA. | E79: INTER ASSET GESTÃO DE RECURSOS LTDA | F79: Gestor de Carteira | G79: MG | H79: BELO HORIZONTE | I79: 31 | J79: 33478009 | K79: complianceinstitucional@bancointer.com.br | L79: www.interasset.com.br
C80: 32.631.378/0001-80 | D80: INVESTOR GESTÃO DE RECURSOS LTDA. | E80: INVESTOR GESTÃO DE RECURSOS LTDA. | F80: Gestor de Carteira | G80: MG | H80: NOVA LIMA | I80: 31 | J80: 984558039 | K80: rodrigo@investorgestao.com | L80: www.investorgestao.com
C81: 26.130.912/0001-71 | D81: JMN GESTÃO DE INVESTIMENTOS LTDA. | E81: JMN | F81: Gestor de Carteira | G81: MG | H81: ITAÚNA | I81: 31 | J81: 35196000 | K81: investimentos@jmendes.com.br | L81: www.jmninvestimentos.com.br
C82: 44.870.662/0001-98 | D82: KANASTRA ADMINISTRAÇÃO DE RECURSOS LTDA | E82: KANASTRA ADMINISTRAÇÃO DE RECURSOS | F82: Administrador Fiduciário e Gestor de Carteira | G82: MG | H82: UBERLÂNDIA | I82: 34 | J82: 32124453 | K82: compliance@kanastra.com.br | L82: www.kanastra.com.br
... C86: 32.764.855/0001-85 | D86: LIBERTAS ASSET S/A | E86: LIBERTAS ASSET | F86: Administrador Fiduciário e Gestor de Carteira | G86: MG | H86: BELO HORIZONTE | I86: 31 | J86: 36583032 | K86: juridico@libertasasset.com.br | L86: www.libertasasset.com.br
C87: 17.364.795/0001-10 | D87: MERCANTIL DO BRASIL DISTRIBUIDORA S/A TÍTULOS E VALORES MOBILIÁRIOS | E87: MERCANTIL DO BRASIL DISTRIBUIDORA | F87: Administrador Fiduciário e Gestor de Carteira | G87: MG | H87: BELO HORIZONTE | I87: 31 | J87: 30576731 | K87: mercantil.distribuidora@mercantil.com.br | L87: www.bancomercantil.com.br | M87: 4298118.23 | N87: 2017-12-29
C88: 56.907.478/0001-54 | D88: MIRADOURO ASSET MANAGEMENT LTDA. | E88: MIRADOURO | F88: Gestor de Carteira | G88: MG | H88: BELO HORIZONTE | I88: 31 | J88: 998622987 | K88: dimas.campos@miradouro.co | L88: www.miradouroasset.com.br
C89: 15.754.487/0001-75 | D89: MadCap Gestão de Recursos Ltda | E89: MadCap | F89: Gestor de Carteira | G89: MG | H89: BELO HORIZONTE | I89: 31 | J89: 991447526 | K89: hassan@madcap.pro | L89: www.madcap.pro
C90: 43.043.121/0001-23 | D90: ONE WEALTH MANAGEMENT GESTORA DE RECURSOS LTDA | E90: ONE WM | F90: Gestor de Carteira | G90: MG | H90: NOVA LIMA | I90: 31 | J90: 997183440 | K90: compliance@investimentos.one | L90: www.onewm.com.br
C91: 30.886.483/0001-34 | D91: ORE INVESTMENTS PARTICIPAÇÕES LTDA. | E91: ORE INVESTMENTS | F91: Gestor de Carteira | G91: MG | H91: BELO HORIZONTE | I91: 31 | J91: 988741564 | K91: eduardo.cardoso@oreinvestments.com.br | L91: www.oreinvestments.com.br
C92: 07.637.212/0001-23 | D92: PLATINUM CAPITAL GESTÃO DE RECURSOS LTDA. | E92: PLATINUM CAPITAL | F92: Gestor de Carteira | G92: MG | H92: NOVA LIMA | I92: 31 | J92: 32863435 | K92: atendimento@platinumcapital.com.br | L92: www.platinumcapital.com.br
C93: 04.626.084/0001-24 | D93: PRINCIPAL GESTÃO DE INVESTIMENTOS LTDA | E93: PRINCIPAL GESTÃO DE INVESTIMENTOS LTDA | F93: Administrador Fiduciário e Gestor de Carteira | G93: MG | H93: NOVA LIMA | I93: 31 | J93: 32617976 | K93: nathalia@principalinvest.com.br | L93: www.principalinvest.com.br
C94: 13.911.006/0001-62 | D94: Parcitas Ações Gestão de Investimentos Ltda. | E94: -- | F94: Gestor de Carteira | G94: MG | H94: BELO HORIZONTE | I94: 31 | J94: 998227319 | L94: https://parcitas.com.br
C95: 53.617.632/0001-65 | D95: RAIZZ GESTÃO DE RECURSOS LTDA. | E95: RAIZZ ASSET | F95: Gestor de Carteira | G95: MG | H95: BELO HORIZONTE | I95: 31 | J95: 999912802 | K95: andre@raizzcapital.com.br | L95: www.raizzasset.com.br
C96: 34.379.781/0001-99 | D96: RIAD GESTÃO DE RECURSOS LTDA. | E96: RIAD | F96: Gestor de Carteira | G96: MG | H96: BELO HORIZONTE | I96: 31 | J96: 994459000 | K96: fernando.carsalade@riad.com.br | L96: www.riad.com.br
C97: 37.123.902/0001-25 | D97: SH ASSET CAPITAL GESTÃO DE RECURSOS LTDA | E97: SH ASSET | F97: Gestor de Carteira | G97: MG | H97: MONTES CLAROS | I97: 38 | J97: 98852564 | K97: financeiro@shasset.com.br | L97: www.shasset.com.br
C98: 43.152.502/0001-40 | D98: SIDUS CAPITAL GESTAO DE ATIVOS LTDA | E98: SIDUS CAPITAL GESTAO DE ATIVOS LTDA | F98: Gestor de Carteira | G98: MG | H98: BELO HORIZONTE | I98: 11 | J98: 945857206 | K98: contato@siduscapital.com.br | L98: siduscapital.com.br
C99: 07.262.715/0001-61 | D99: SITA GESTÃO DE RECURSOS LTDA | E99: SITA GESTÃO DE RECURSOS LTDA | F99: Gestor de Carteira | G99: MG | H99: BELO HORIZONTE | I99: 31 | J99: 33034887 | K99: b.rodarte@sita.com.br | L99: sitagestao.com.br
C100: 05.940.778/0001-02 | D100: SONAR SERVIÇOS DE INVESTIMENTO LTDA. | E100: -- | F100: Gestor de Carteira | G100: MG | H100: BELO HORIZONTE | I100: 31 | J100: 32150200 | K100: fernanda@sonarinvestimentos.com.br | L100: www.sonarinvestimentos.com.br
C101: 58.158.159/0001-19 | D101: TANE CAPITAL LTDA. | E101: TANE CAPITAL LTDA. | F101: Gestor de Carteira | G101: MG | H101: NOVA LIMA | I101: 37 | J101: 991200040 | K101: contato@tane.com.br | L101: www.tane.com.br
C102: 15.171.585/0001-80 | D102: TORO ASSET MANAGEMENT SA | E102: TORO ASSET | F102: Gestor de Carteira | G102: MG | H102: BELO HORIZONTE | I102: 31 | J102: 25310500 | K102: alvaro.neves@toroinvestimentos.com.br | L102: https://www.toroinvestimentos.com.br/
C103: 27.291.857/0001-64 | D103: VERMONT GESTÃO DE INVESTIMENTOS LTDA. | E103: VERMONT GESTÃO DE INVESTIMENTOS LTDA. | F103: Gestor de Carteira | G103: MG | H103: BELO HORIZONTE | I103: 31 | J103: 30971300 | K103: daniel.sena@vermontinvest.com.br | L103: www.vermontinvestimentos.com.br
C104: 57.236.832/0001-29 | D104: VIRTUS NEXUS GESTORA DE RECURSOS LTDA. | E104: VIRTUS NEXUS GESTORA DE RECURSOS LTDA. | F104: Gestor de Carteira | G104: MG | H104: BELO HORIZONTE | I104: 11 | J104: 910463425 | K104: thiago@gini.com.br | L104: www.virtusnexus.com.br
C105: 25.248.367/0001-50 | D105: VÊNETO GESTÃO DE RECURSOS LTDA | E105: VÊNETO FAMILY OFFICE | F105: Gestor de Carteira | G105: MG | H105: BELO HORIZONTE | I105: 31 | J105: 36543309 | K105: compliance@venetomfo.com.br | L105: www.venetomfo.com.br
C106: 51.565.213/0001-00 | D106: ZSYS ASSET MANAGEMENT LTDA. | E106: ZSYS CAPITAL | F106: Gestor de Carteira | G106: MG | H106: BELO HORIZONTE | I106: 31 | J106: 984818580 | K106: contato@zsyscap.com | L106: https://zsys.com.br/
... C109: 49.497.776/0001-58 | D109: FOURCE GESTÃO DE RECURSOS LTDA. | E109: FOURCE GESTÃO DE RECURSOS | F109: Gestor de Carteira | G109: MT | H109: CUIABÁ | I109: 65 | J109: 30258120 | K109: institucional@fourcegestora.com.br | L109: www.fourcegestora.com.br
C110: 58.410.162/0001-88 | D110: MTC Asset Management Ltda. | E110: MTC Asset Management | F110: Gestor de Carteira | G110: MT | H110: CUIABÁ | I110: 65 | J110: 998187100 | K110: mario.tencaten@mtcasset.com.br
C111: 29.762.953/0001-79 | D111: MARIN GESTORA DE RECURSOS S.A | E111: MARIN INVESTIMENTOS | F111: Gestor de Carteira | G111: PA | H111: BELÉM | I111: 91 | J111: 33447600 | K111: luizfernandes@marin.net.br | L111: www.marincapital.com.br
C112: 48.111.315/0001-32 | D112: NAGANO INVESTIMENTOS GESTORA DE RECURSOS LTDA. | E112: NAGANO INVESTIMENTOS GESTORA DE RECURSOS LTDA. | F112: Gestor de Carteira | G112: PB | H112: JOÃO PESSOA | I112: 83 | J112: 999540701 | K112: administrativo@naganoinvestimentos.com.br | L112: https://www.naganoinvestimentos.com.br
C113: 33.804.015/0001-61 | D113: PLENO GESTÃO DE INVESTIMENTOS E CONSULTORIA LTDA. | E113: PLENO FINANCE | F113: Gestor de Carteira | G113: PB | H113: JOÃO PESSOA | I113: 83 | J113: 998179350 | K113: compliance@pleno.finance | L113: plenofinance.com.br
C114: 10.594.490/0001-55 | D114: CASAFORTE INVESTIMENTOS S.A. | E114: -- | F114: Gestor de Carteira | G114: PE | H114: RECIFE | I114: 81 | J114: 21016500 | K114: casaforte-cvm@casaforteinvest.com.br | L114: www.casaforteinvestimentos.com.br
C115: 40.166.546/0001-31 | D115: DOURO CAPITAL GESTORA DE RECURSOS E INVESTIMENTOS LTDA. | E115: ----- | F115: Gestor de Carteira | G115: PE | H115: RECIFE | I115: 81 | J115: 32041055 | K115: compliance@dourocapital.com.br | L115: www.dourocapital.com.br
C116: 01.294.929/0001-33 | D116: FINACAP INVESTIMENTOS LTDA | E116: FINACAP | F116: Gestor de Carteira | G116: PE | H116: RECIFE | I116: 81 | J116: 32412939 | K116: aristides.bezerra@finacap.com.br | L116: www.finacap.com.br
C117: 12.564.465/0001-54 | D117: MULTINVEST CAPITAL ADMINISTRADORA DE RECURSOS LTDA | E117: MULTINVEST CAPITAL | F117: Gestor de Carteira | G117: PE | H117: RECIFE | I117: 81 | J117: 30593100 | K117: gestor@multinvestcapital.com.br | L117: www.multinvestcapital.com.br
C118: 20.052.540/0001-26 | D118: VINCI GGN GESTÃO DE RECURSOS LTDA. | E118: VINCI GGN | F118: Gestor de Carteira | G118: PE | H118: RECIFE | I118: 11 | J118: 35723700 | K118: compliance@vincicompass.com | L118: www.vincipartners.com
C119: 49.524.442/0001-26 | D119: 2S CAPITAL GESTORA DE RECURSOS LTDA. | E119: 2S CAPITAL | F119: Gestor de Carteira | G119: PR | H119: LONDRINA | I119: 43 | J119: 991530781 | K119: 2shedge@gmail.com | L119: www.2scapital.com
C120: 76.621.457/0001-85 | D120: 4UM DTVM S.A. | E120: 4UM INVESTIMENTOS | F120: Administrador Fiduciário e Gestor de Carteira | G120: PR | H120: CURITIBA | I120: 41 | J120: 33519966 | K120: controle@4um.com.br | L120: www.4um.com.br | M120: 5646000.00 | N120: 2025-12-31
C121: 03.983.856/0001-12 | D121: 4UM GESTÃO DE RECURSOS LTDA. | E121: 4UM INVESTIMENTOS | F121: Gestor de Carteira | G121: PR | H121: CURITIBA | I121: 41 | J121: 33519966 | K121: riscos@4um.com.br | L121: www.4um.com.br
C122: 45.255.319/0001-04 | D122: AETHERIA CAPITAL GESTÃO DE RECURSOS LTDA | E122: ----- | F122: Gestor de Carteira | G122: PR | H122: CURITIBA | I122: 48 | J122: 996969403 | K122: duda.luiseduardo@gmail.com | L122: www.aetheriacapital.com.br
C123: 53.577.572/0001-02 | D123: AURORA INVESTIMENTOS LTDA. | E123: AURORA INVESTIMENTOS | F123: Gestor de Carteira | G123: PR | H123: CURITIBA | I123: 41 | J123: 992358846 | K123: azevedo@aurorainvestimentos.com.br | L123: www.aurorainvestimentos.com.br
C124: 34.530.561/0001-14 | D124: CARAVELA CONSULTORIA E GESTÃO DE INVESTIMENTOS LTDA. | E124: ----- | F124: Gestor de Carteira | G124: PR | H124: CARAMBEÍ | I124: 41 | J124: 998998281 | K124: fred@caravela.capital | L124: www.caravela.capital
C125: 18.223.260/0001-91 | D125: CATÁLISE INVESTIMENTOS LTDA. | E125: CATÁLISE INVESTIMENTOS LTDA. | F125: Gestor de Carteira | G125: PR | H125: CURITIBA | I125: 41 | J125: 30148444 | K125: lage@cataliseinvestimentos.com | L125: www.cataliseinvestimentos.com
C126: 17.139.769/0001-98 | D126: CITYBELL GESTÃO DE INVESTIMENTOS LTDA | E126: --- | F126: Gestor de Carteira | G126: PR | H126: CURITIBA | I126: 41 | J126: 40639861 | K126: bernardo@citybellinvest.com.br | L126: www.citybellinvest.com.br
C127: 42.085.996/0001-25 | D127: E3 CAPITAL PARTNERS GESTÃO DE INVESTIMENTOS LTDA. | E127: E3 CAPITAL PARTNERS | F127: Gestor de Carteira | G127: PR | H127: CURITIBA | I127: 41 | J127: 999735591 | K127: julio@e3capital.com.br | L127: www.e3capital.com.br
C128: 52.077.508/0001-91 | D128: FENER CAPITAL LTDA. | E128: FENER CAPITAL | F128: Gestor de Carteira | G128: PR | H128: CURITIBA | I128: 41 | J128: 35519966 | K128: riscos@4um.com.br | L128: https://www.fenercapital.com/
C129: 54.643.822/0001-10 | D129: FIGUEIRA CAPITAL LTDA. | E129: FIGUEIRA CAPITAL | F129: Gestor de Carteira | G129: PR | H129: CURITIBA | I129: 41 | J129: 23911783 | K129: contato@figueiracapital.com | L129: www.figueiracapital.com
C130: 16.975.442/0001-93 | D130: GREENWICH GESTÃO DE RECURSOS LTDA | E130: GREENWICH INVESTIMENTOS | F130: Gestor de Carteira | G130: PR | H130: CURITIBA | I130: 41 | J130: 40639933 | K130: contato@grwi.com.br | L130: www.grwi.com.br
C131: 44.615.804/0001-70 | D131: GRID Gestora de Recursos Ltda. | E131: GRID LTDA | F131: Gestor de Carteira | G131: PR | H131: CURITIBA | I131: 11 | J131: 52415675 | K131: gb@gestoraid.com.br | L131: www.gestoraid.com.br
C132: 60.938.055/0001-79 | D132: ICM Latin America Investimentos Ltda. | E132: ICM Latin America | F132: Gestor de Carteira | G132: PR | H132: CURITIBA | I132: 41 | J132: 999947077 | K132: stefano.volpi@icm.limited | L132: www.icmlatinamerica.com
...

Sheet Por UF
A1: UF | B1: Gestoras | C1: % do total | D1: Marcadas Sim | E1: Marcadas Não | F1: A validar | H1: Município | I1: UF | J1: Gestoras
A2: SP | B2: =COUNTIFS(Gestoras!$G$2:$G$1487,A2,Gestoras!$C$2:$C$1487,"<>") | C2: =B2/$B$20 | D2: =COUNTIFS(Gestoras!$G$2:$G$1487,A2,Gestoras!$A$2:$A$1487,"Sim") | E2: =COUNTIFS(Gestoras!$G$2:$G$1487,A2,Gestoras!$A$2:$A$1487,"Não") | F2: =B2-D2-E2 | H2: São Paulo | I2: SP | J2: 1014
A3: RJ | B3: =COUNTIFS(Gestoras!$G$2:$G$1487,A3,Gestoras!$C$2:$C$1487,"<>") | C3: =B3/$B$20 | D3: =COUNTIFS(Gestoras!$G$2:$G$1487,A3,Gestoras!$A$2:$A$1487,"Sim") | E3: =COUNTIFS(Gestoras!$G$2:$G$1487,A3,Gestoras!$A$2:$A$1487,"Não") | F3: =B3-D3-E3 | H3: Rio De Janeiro | I3: RJ | J3: 218
A4: MG | B4: =COUNTIFS(Gestoras!$G$2:$G$1487,A4,Gestoras!$C$2:$C$1487,"<>") | C4: =B4/$B$20 | D4: =COUNTIFS(Gestoras!$G$2:$G$1487,A4,Gestoras!$A$2:$A$1487,"Sim") | E4: =COUNTIFS(Gestoras!$G$2:$G$1487,A4,Gestoras!$A$2:$A$1487,"Não") | F4: =B4-D4-E4 | H4: Belo Horizonte | I4: MG | J4: 36
A5: RS | B5: =COUNTIFS(Gestoras!$G$2:$G$1487,A5,Gestoras!$C$2:$C$1487,"<>") | C5: =B5/$B$20 | D5: =COUNTIFS(Gestoras!$G$2:$G$1487,A5,Gestoras!$A$2:$A$1487,"Sim") | E5: =COUNTIFS(Gestoras!$G$2:$G$1487,A5,Gestoras!$A$2:$A$1487,"Não") | F5: =B5-D5-E5 | H5: Porto Alegre | I5: RS | J5: 31
A6: PR | B6: =COUNTIFS(Gestoras!$G$2:$G$1487,A6,Gestoras!$C$2:$C$1487,"<>") | C6: =B6/$B$20 | D6: =COUNTIFS(Gestoras!$G$2:$G$1487,A6,Gestoras!$A$2:$A$1487,"Sim") | E6: =COUNTIFS(Gestoras!$G$2:$G$1487,A6,Gestoras!$A$2:$A$1487,"Não") | F6: =B6-D6-E6 | H6: Curitiba | I6: PR | J6: 25
A7: SC | B7: =COUNTIFS(Gestoras!$G$2:$G$1487,A7,Gestoras!$C$2:$C$1487,"<>") | C7: =B7/$B$20 | D7: =COUNTIFS(Gestoras!$G$2:$G$1487,A7,Gestoras!$A$2:$A$1487,"Sim") | E7: =COUNTIFS(Gestoras!$G$2:$G$1487,A7,Gestoras!$A$2:$A$1487,"Não") | F7: =B7-D7-E7 | H7: Goiânia | I7: GO | J7: 19
A8: GO | B8: =COUNTIFS(Gestoras!$G$2:$G$1487,A8,Gestoras!$C$2:$C$1487,"<>") | C8: =B8/$B$20 | D8: =COUNTIFS(Gestoras!$G$2:$G$1487,A8,Gestoras!$A$2:$A$1487,"Sim") | E8: =COUNTIFS(Gestoras!$G$2:$G$1487,A8,Gestoras!$A$2:$A$1487,"Não") | F8: =B8-D8-E8 | H8: Brasília | I8: DF | J8: 15
A9: DF | B9: =COUNTIFS(Gestoras!$G$2:$G$1487,A9,Gestoras!$C$2:$C$1487,"<>") | C9: =B9/$B$20 | D9: =COUNTIFS(Gestoras!$G$2:$G$1487,A9,Gestoras!$A$2:$A$1487,"Sim") | E9: =COUNTIFS(Gestoras!$G$2:$G$1487,A9,Gestoras!$A$2:$A$1487,"Não") | F9: =B9-D9-E9 | H9: Nova Lima | I9: MG | J9: 13
A10: CE | B10: =COUNTIFS(Gestoras!$G$2:$G$1487,A10,Gestoras!$C$2:$C$1487,"<>") | C10: =B10/$B$20 | D10: =COUNTIFS(Gestoras!$G$2:$G$1487,A10,Gestoras!$A$2:$A$1487,"Sim") | E10: =COUNTIFS(Gestoras!$G$2:$G$1487,A10,Gestoras!$A$2:$A$1487,"Não") | F10: =B10-D10-E10 | H10: Florianópolis | I10: SC | J10: 13
A11: PE | B11: =COUNTIFS(Gestoras!$G$2:$G$1487,A11,Gestoras!$C$2:$C$1487,"<>") | C11: =B11/$B$20 | D11: =COUNTIFS(Gestoras!$G$2:$G$1487,A11,Gestoras!$A$2:$A$1487,"Sim") | E11: =COUNTIFS(Gestoras!$G$2:$G$1487,A11,Gestoras!$A$2:$A$1487,"Não") | F11: =B11-D11-E11 | H11: Barueri | I11: SP | J11: 9
A12: BA | B12: =COUNTIFS(Gestoras!$G$2:$G$1487,A12,Gestoras!$C$2:$C$1487,"<>") | C12: =B12/$B$20 | D12: =COUNTIFS(Gestoras!$G$2:$G$1487,A12,Gestoras!$A$2:$A$1487,"Sim") | E12: =COUNTIFS(Gestoras!$G$2:$G$1487,A12,Gestoras!$A$2:$A$1487,"Não") | F12: =B12-D12-E12 | H12: Campinas | I12: SP | J12: 9
A13: MT | B13: =COUNTIFS(Gestoras!$G$2:$G$1487,A13,Gestoras!$C$2:$C$1487,"<>") | C13: =B13/$B$20 | D13: =COUNTIFS(Gestoras!$G$2:$G$1487,A13,Gestoras!$A$2:$A$1487,"Sim") | E13: =COUNTIFS(Gestoras!$G$2:$G$1487,A13,Gestoras!$A$2:$A$1487,"Não") | F13: =B13-D13-E13 | H13: Fortaleza | I13: CE | J13: 5
... A15: SE | B15: =COUNTIFS(Gestoras!$G$2:$G$1487,A15,Gestoras!$C$2:$C$1487,"<>") | C15: =B15/$B$20 | D15: =COUNTIFS(Gestoras!$G$2:$G$1487,A15,Gestoras!$A$2:$A$1487,"Sim") | E15: =COUNTIFS(Gestoras!$G$2:$G$1487,A15,Gestoras!$A$2:$A$1487,"Não") | F15: =B15-D15-E15 | H15: Niterói | I15: RJ | J15: 5
A16: (sem UF) | B16: =COUNTIFS(Gestoras!$G$2:$G$1487,"",Gestoras!$C$2:$C$1487,"<>") | C16: =B16/$B$20 | D16: =COUNTIFS(Gestoras!$G$2:$G$1487,"",Gestoras!$A$2:$A$1487,"Sim") | E16: =COUNTIFS(Gestoras!$G$2:$G$1487,"",Gestoras!$A$2:$A$1487,"Não") | F16: =B16-D16-E16 | H16: Salvador | I16: BA | J16: 4
A17: PB | B17: =COUNTIFS(Gestoras!$G$2:$G$1487,A17,Gestoras!$C$2:$C$1487,"<>") | C17: =B17/$B$20 | D17: =COUNTIFS(Gestoras!$G$2:$G$1487,A17,Gestoras!$A$2:$A$1487,"Sim") | E17: =COUNTIFS(Gestoras!$G$2:$G$1487,A17,Gestoras!$A$2:$A$1487,"Não") | F17: =B17-D17-E17
A18: AM | B18: =COUNTIFS(Gestoras!$G$2:$G$1487,A18,Gestoras!$C$2:$C$1487,"<>") | C18: =B18/$B$20 | D18: =COUNTIFS(Gestoras!$G$2:$G$1487,A18,Gestoras!$A$2:$A$1487,"Sim") | E18: =COUNTIFS(Gestoras!$G$2:$G$1487,A18,Gestoras!$A$2:$A$1487,"Não") | F18: =B18-D18-E18
A19: PA | B19: =COUNTIFS(Gestoras!$G$2:$G$1487,A19,Gestoras!$C$2:$C$1487,"<>") | C19: =B19/$B$20 | D19: =COUNTIFS(Gestoras!$G$2:$G$1487,A19,Gestoras!$A$2:$A$1487,"Sim") | E19: =COUNTIFS(Gestoras!$G$2:$G$1487,A19,Gestoras!$A$2:$A$1487,"Não") | F19: =B19-D19-E19
A20: Total | B20: =SUM(B2:B19) | D20: =SUM(D2:D19) | E20: =SUM(E2:E19) | F20: =SUM(F2:F19)

Sheet Fonte
A1: Fonte: Portal de Dados Abertos da CVM (dados.cvm.gov.br), baixado em 07/10/2026.
A2: Gestoras: Cadastro de Administradores de Carteira (PJ), situação "Em funcionamento normal", categoria contendo Gestor de Carteira.
A3: Contatos são institucionais (e-mail e telefone do cadastro). Patrimônio líquido só vem preenchido em 31 linhas.
A4: Como validar: na aba Gestoras, coluna A, escolher Sim, Não ou Talvez. A linha fica verde no Sim. A aba Por UF soma sozinha.
